 Dungeon Crawl Stone Soup version 0.29-a0-275-g389c0b56f3 (webtiles) character file.

Game seed: 3613123649021639121

6771 Hubjo the Thaumaturge (level 10, -3/77 HPs)
             Began as a Demonspawn Enchanter on Mar 13, 2022.
             Was a Follower of Lugonu.
             Slain by Erolcha
             ... wielding a +0 giant spiked club
              (18 damage)
             ... on level 9 of the Dungeon.
             The game lasted 00:24:09 (14209 turns).

Hubjo the Thaumaturge (Demonspawn Enchanter)       Turns: 14209, Time: 00:24:09

Health: -3/77      AC: 11    Str:  9    XL:     10   Next: 76%
Magic:  22/22      EV: 10    Int: 18    God:    Lugonu [*.....]
Gold:   289        SH:  5    Dex: 18    Spells: 26/26 levels left

rFire   . . .      SeeInvis .   n - +8 arc blade {discharge, rElec}
rCold   + . .      Faith    .   (no shield)
rNeg    . . .      Spirit   .   I - +0 swamp dragon scales
rPois   +          Reflect  +   (no helmet)
rElec   +          Harm     .   (no cloak)
rCorr   .          Rampage  .   K - +0 pair of gloves
Will    .....      Clarity  +   (no boots)
Stlth   +++.......              l - amulet of reflection
HPRegen 0.22/turn               (no ring)
MPRegen 0.18/turn               (no ring)

@: studying Conjurations
A: claws 1, molten scales 2, demonic guardian 1, demonic magic 1, clarity,
clever 1, cold resistance 1, evolution 1, MP-powered wands
a: Renounce Religion, Depart the Abyss


You were on level 9 of the Dungeon.
You worshipped Lugonu.
Lugonu was aware of your devotion.
You visited 2 branches of the dungeon, and saw 10 of its levels.
You visited the Abyss 1 time.
You also visited: Ossuary.

You collected 453 gold pieces.
You spent 164 gold pieces at shops.

Inventory:

Hand Weapons
 a - a +1 dagger
 n - the +8 arc blade (weapon) {discharge, rElec}
   (You found it on level 2 of the Dungeon)

   It occasionally unleashes powerful arcs of lightning upon striking a foe.
   These may arc to other adjacent creatures (including the wielder, but dealing
   reduced damage to them) before grounding out.
   rElec:     It insulates you from electricity.
 x - a +2 short sword of distortion
 F - a +4 falchion of protection
 H - a +1 dagger of venom
Missiles
 j - 7 curare-tipped darts (quivered)
Armour
 b - a +0 robe
 I - +0 swamp dragon scales (worn)
 K - a +0 pair of gloves (worn)
Magical Staves
 e - a staff of conjuration
Jewellery
 l - an amulet of reflection (around neck)
Wands
 t - a wand of iceblast (4)
 y - a wand of polymorph (1)
 J - a wand of flame (24)
Scrolls
 d - a scroll of vulnerability
 g - 3 scrolls of teleportation
 m - a scroll of immolation
 q - a scroll of enchant weapon
 r - a scroll of summoning
 s - 3 scrolls of fog
 v - a scroll of torment
 A - 2 scrolls of enchant armour
 C - 2 scrolls of holy word
 D - a scroll of identify
 E - 3 scrolls of noise
Potions
 c - 2 potions of invisibility
 f - 4 potions of might
 h - 2 potions of curing
 i - 5 potions of brilliance
 k - 3 potions of lignification
 o - a potion of mutation
 p - 3 potions of degeneration
 u - 2 potions of flight {unknown}
 w - 2 potions of cancellation {unknown}
 z - 4 potions of heal wounds
 B - 2 potions of haste {unknown}
 G - a potion of magic {unknown}


   Skills:
 + Level 6.5 Fighting
 + Level 5.7 Short Blades
 - Level 1.7 Dodging
 + Level 7.0 Stealth
 * Level 8.8 Spellcasting
 - Level 5.7 Hexes
 * Level 8.0 Invocations


You had 26 spell levels left.
You didn't know any spells.
Your spell library contained the following spells:

 Spells                   Type           Power      Damage    Failure   Level
 Confusing Touch          Hex            28%        N/A       7%          3
 Tukima's Dance           Hex            28%        N/A       7%          3
 Ensorcelled Hibernation  Hex/Ice        36%        N/A       12%         2
 Dazzling Flash           Conj/Hex       36%        N/A       24%         3
 Animate Skeleton         Necr           14%        N/A       26%         1
 Apportation              Tloc           14%        N/A       26%         1
 Summon Small Mammal      Summ           28%        N/A       26%         1
 Conjure Flame            Conj/Fire      7%         6-21      58%         3
 Ignite Poison            Fire/Tmut/Pois 7%         N/A       58%         3
 Fulminant Prism          Conj/Hex       9%         3d7       61%         4
 Iskenderun's Mystic Bla  Conj/Tloc      7%         2d4       94%         4
 Sticky Flame             Conj/Fire      7%         2d3       94%         4
 Lee's Rapid Deconstruct  Erth           3%         3d6*      100%        5


Dungeon Overview and Level Annotations

Branches:
Dungeon (9/15)             Temple (1/1) D:6         Ossuary (visited)
   Lair: D:8-11         Orc: D:9-12

Altars:
Ashenzari
Cheibriados
Dithmenos
Elyvilon
Fedhas
Gozag
Hepliaklqana
Kikubaaqudgha
Makhleb
Nemelex Xobeh
Okawaru
Qazlal
Ru
Sif Muna
Trog
Uskayaw
Vehumet
Wu Jian
Xom
Yredelemnul
Zin
The Shining One
Lugonu

Shops:
D:4 !   D:7 !

Portals:
Abyss: D:4

Annotations:
D:4 1 runed translucent door
D:9 Erolcha


Innate Abilities, Weirdness & Mutations

You have sharp fingernails.
You are mostly covered in molten scales. (AC +3)
A weak demonic guardian rushes to your aid.
Spells you cast may paralyse adjacent enemies.
You possess an exceptional clarity of mind.
Your mind is acute. (Int +2)
Your flesh is cold resistant. (rC+)
You have hidden genetic potential.
You expend magic power (3 MP) to strengthen your wands.


Message History

You hit Erolcha.
Erolcha is lightly wounded.
Erolcha mumbles some strange words.
Erolcha flickers and vanishes!
Deactivating autopickup; reactivate with Ctrl-A.
You hit something.
The arc blade crackles.
Something is struck by an arc of lightning!
The lightning grounds out.
Items here: ( ) [ †.
The howler monkey howls!
Something hits you!!
You hear some strange, mumbled words.
A fireball appears from out of thin air!
The fireball explodes!
The fireball engulfs you!
You hear an angry hiss.
You hear a bellow! x2
Something hits you!
* * * LOW HITPOINT WARNING * * *
A demonic guardian appears!
Your white imp gestures at the howler monkey.
The puff of frost hits the howler monkey!
The howler monkey hoots and howls with incredible vigour!
The howler monkey hits your white imp but does no damage.
Your white imp gestures at the howler monkey.
The puff of frost hits the howler monkey.
You hear a bellow! x2; You hear an angry hiss.
You hear a shout! x2
You hear some strange, mumbled words.
Something tries to affect you, but you resist.
The howler monkey barely misses your white imp.
Your white imp gestures at the howler monkey.
The puff of frost hits the howler monkey!
The howler monkey dies!
Lugonu accepts your kill.
Your Invocations skill increases to level 8!
You start resting.
Your white imp barely misses something.
You start resting.
You hear some strange, mumbled words.
Something tries to affect you, but you resist.
Your white imp hits something but does no damage.
You start resting.
Something hits you!!
You die...

# .###### .# ###.#.......#
##.........#.## ....
#............. .... #
#..........#.# ###...
#.##..........#.# # #....
.##..<............# #.##.#.#
........).......@##.#.#....#
#######.))..........#..))).#
#)).......5#### #)).#####.
######.......[..## #[).......
#.....#.##.....†.#####...#####^
#..<..#.##....................
#.............................
#.....#.##..............)...?..
#.....#.##....)..####..........


You could see a friendly white imp (summoned).

Vanquished Creatures
  Maggie (D:7)
  4 kobold demonologists
  An unseen horror (D:7)
  A troll (D:9)
  Grinder (D:6)
  8 yaks (D:8)
  2 steam dragons (D:7)
  Menkaure (D:4)
  A water moccasin (D:7)
  3 orc warriors (D:8)
  A sky beast (D:7)
  2 black bears
  3 centaurs
  A phantom (D:5)
  5 kobold brigands
  The ghost of pcat the Conjurer, an amateur DECj (D:4)
  An elf zombie (Ossuary)
  8 bullfrogs
  3 scorpions (D:4)
  A centaur zombie (Ossuary)
  A human zombie (Ossuary)
  A gnoll shaman (D:4)
  An orc priest (D:7)
  3 hounds
  A jelly (D:6)
  6 iguanas
  8 orc wizards
  2 mummies (Ossuary)
  9 gnolls
  7 adders
  2 shadow imps
  2 white imps (D:6)
  An ufetubus (D:6)
  A dart slug (D:4)
  28 orcs
  6 ball pythons
  5 endoplasms
  2 giant cockroaches (D:2)
  6 goblins
  5 hobgoblins
  5 quokkas
  4 bats
  A frilled lizard (D:1)
  2 goblin zombies (Ossuary)
  8 hobgoblin zombies (Ossuary)
  3 jackal zombies (Ossuary)
  16 kobolds
  10 kobold zombies (Ossuary)
  10 orc zombies (Ossuary)
  6 rats
  A rat zombie (Ossuary)
212 creatures vanquished.

Vanquished Creatures (collateral kills)
  An orc warrior (D:7)
  A howler monkey (D:9)
  2 gnolls (D:4)
  An orc (D:7)
  An endoplasm (D:2)
  A goblin (D:2)
  2 hobgoblins
  A quokka (D:2)
  A kobold (D:4)
11 creatures vanquished.

Grand Total: 223 creatures vanquished

Notes
Turn   | Place    | Note
-------+----------+-------------------------------------------
     0 | D:1      | Hubjo the Demonspawn Enchanter began the quest for the Orb.
     0 | D:1      | Reached XP level 1. HP: 13/13 MP: 3/3
     1 | D:1      | Noticed an electric eel
   380 | D:1      | Gained mutation: A weak demonic guardian rushes to your
                  | aid. [demonic ancestry]
   380 | D:1      | Reached XP level 2. HP: 20/20 MP: 5/5
   612 | D:1      | Reached skill level 1 in Fighting
  1282 | D:2      | Found a faded altar of an unknown god.
  1400 | D:2      | Reached XP level 3. HP: 13/26 MP: 6/6
  2327 | D:2      | Found the +8 arc blade {discharge, rElec}
  2465 | D:3      | Reached skill level 1 in Short Blades
  2465 | D:3      | Gained mutation: You are partially covered in molten
                  | scales. (AC +2) [demonic ancestry]
  2465 | D:3      | Reached XP level 4. HP: 16/33 MP: 6/8
  3207 | D:3      | Gained mutation: You are mostly covered in molten scales.
                  | (AC +3) [demonic ancestry]
  3207 | D:3      | Reached XP level 5. HP: 38/38 MP: 9/9
  3914 | D:4      | Noticed Menkaure
  3919 | D:4      | Killed Menkaure
  3920 | D:4      | Reached XP level 6. HP: 24/46 MP: 11/11
  4164 | D:4      | Found a sand-covered staircase.
  4174 | Ossuary  | Entered an ossuary
  4698 | D:4      | Gained mutation: Spells you cast may paralyse adjacent
                  | enemies. [demonic ancestry]
  4698 | D:4      | Reached XP level 7. HP: 52/52 MP: 13/13
  4756 | D:4      | Found a one-way gate to the infinite horrors of the Abyss.
  4767 | D:4      | Found a runed translucent door.
  4792 | D:4      | Noticed pcat's ghost (amateur DECj)
  5188 | D:4      | Reached skill level 5 in Spellcasting
  5191 | D:4      | Killed pcat's ghost
  5196 | D:4      | Found a runed translucent door.
  5266 | D:4      | Found a large runed translucent door.
  5266 | D:4      | Found a large runed translucent door.
  5299 | D:4      | Found Boumol's Distillery.
  5309 | D:4      | Bought a potion of mutation for 104 gold pieces
  5309 | D:4      | Gained mutation: Your flesh is cold resistant. (rC+)
                  | [potion of mutation]
  5309 | D:4      | Gained mutation: You have hidden genetic potential. [potion
                  | of mutation]
  5309 | D:4      | Gained mutation: You have great hidden genetic potential.
                  | [potion of mutation]
  5390 | D:4      | Found a corrupted altar of Lugonu.
  5693 | D:4      | Became a worshipper of Lugonu the Unformed
  5693 | D:4      | Reached * piety under Lugonu
  5996 | D:4      | Voluntarily entered the Abyss.
  6085 | Abyss:1  | Noticed a wretched star
  6085 | Abyss:1  | Noticed a large abomination
  6088 | D:4      | Escaped the Abyss
  6140 | D:5      | Entered Level 5 of the Dungeon
  6321 | D:5      | Identified the +0 robe "Jimm" {rCorr Int-2 Slay+3 Stlth+}
  6604 | D:5      | Gained mutation: You have sharp fingernails. [demonic
                  | ancestry]
  6604 | D:5      | Reached XP level 8. HP: 35/60 MP: 15/15
  7392 | D:6      | Found a bloodstained altar of Trog.
  7397 | D:6      | Found a staircase to the Ecumenical Temple.
  7669 | D:6      | Reached skill level 5 in Hexes
  7682 | D:6      | Gained mutation: You possess an exceptional clarity of
                  | mind. [hidden potential]
  7948 | D:6      | Noticed Grinder
  7976 | D:6      | Reached skill level 5 in Stealth
  7985 | Temple   | Entered the Ecumenical Temple
  9876 | D:6      | Paralysed by Grinder for 3 turns
 10189 | D:6      | Paralysed by Grinder for 2 turns
 10193 | D:6      | Killed Grinder
 10320 | D:7      | Found Daink's Distillery.
 10323 | D:7      | Bought a potion of heal wounds for 60 gold pieces
 10913 | D:7      | Reached XP level 9. HP: 56/66 MP: 18/18
 11054 | D:7      | Noticed Maggie
 11061 | D:7      | Killed Maggie
 11062 | D:7      | Reached skill level 5 in Fighting
 11066 | D:7      | Gained mutation: You expend magic power (3 MP) to
                  | strengthen your wands. [hidden potential]
 11066 | D:7      | Lost mutation: You have great hidden genetic potential.
                  | [hidden potential expressed]
 11154 | D:7      | Killed an unseen horror
 12480 | D:7      | Reached skill level 5 in Invocations
 13031 | D:8      | Reached XP level 10. HP: 57/76 MP: 21/21
 13033 | D:8      | Reached skill level 5 in Short Blades
 13157 | D:8      | Gained mutation: Your mind is acute. (Int +2) [hidden
                  | potential]
 14174 | D:9      | Noticed a rust devil
 14178 | D:9      | Noticed Erolcha
 14182 | D:9      | Noticed a smoke demon
 14209 | D:9      | Slain by Erolcha

Illustrated notes

Levels and vault maps discovered:
D:1:      arrival_aquarium_a, layout_rooms
D:2:      layout_basic, nicolae_ecumenical_oubliette
D:3:      layout_rooms, serial_corexii_hall, corexii_hall_statues_x,
          corexii_hall_statues_t, corexii_hall_statues_u, minivault_25
D:4:      due_chaos_kobolds, layout_loops_ring, nicolae_ossuary_entry_ruins,
          serial_shops, nicolae_shop_advertising_works
          [nicolae_subvault_shop_adworks], ebering_ghost_sewer_f,
          nicolae_figureground_pulse, uniq_menkaure
D:5:      layout_layer_cave
D:6:      layout_basic, nicolae_overflow_crystal_walls, temple_pool_b,
          uniq_grinder
D:7:      minmay_razor_zed, layout_loops_ring, serial_shops, nicolae_shop_trees,
          minmay_manual_maat, uniq_maggie
D:8:      layout_cave_pools
D:9:      layout_loops_cross, lair_entry_dummy, grunt_ministairs_1, hive_lemuel,
          uniq_erolcha
Temple:   nicolae_temple_the_god_donut

Skill      XL: |  1  2  3  4  5  6  7  8  9 10 |
---------------+-------------------------------+-----
Fighting       | 1 2 3 4 5 6 |  6.5
Stealth        | 3 4 5 6 7 |  7.0
Short Blades   | 1 2 3 4 5 |  5.7
Spellcasting   | 3 4 5 6 7 8 |  8.8
Hexes          | 4 5 |  5.7
Invocations    | 5 8 |  8.0
Dodging        | |  1.7

Action                   |  1- 3 |  4- 6 |  7- 9 | 10-12 || total
-------------------------+-------+-------+-------+-------++-------
Melee: Dagger            |    87 |       |       |       ||    87
       Punch             |     1 |       |     4 |     2 ||     7
       Rapier            |     3 |    99 |   178 |    61 ||   341
Invok: Depart the Abyss  |       |       |     1 |       ||     1
Evoke: Wand              |       |       |     1 |       ||     1
  Use: Scroll            |     1 |       |    11 |       ||    12
       Potion            |       |       |     4 |       ||     4
 Stab: Sleeping          |    12 |     6 |     4 |       ||    22
Armor: Robe              |    11 |    28 |    36 |       ||    75
       Swamp dragon scal |       |       |    60 |    39 ||    99
Dodge: Dodged            |    59 |    45 |   112 |    34 ||   250
Block: Other             |       |       |    28 |    19 ||    47
       Reflection        |       |       |     5 |       ||     5

Table legend: (Time is in decaauts)
 A = Elapsed time spent in this place.
 B = Non-inter-level travel time spent in this place.
 C = Inter-level travel time spent in this place.
 D = Time resting spent in this place.
 E = Time spent auto-exploring this place.
 F = Levels seen in this place.
 G = Mean time per level.
                   A        B        C        D        E       F      G
               +--------+--------+--------+--------+--------+-----+--------+
         Total |  14235 |  13999 |    236 |   5402 |   6846 |  12 | 1186.2 |
       Dungeon |  11796 |  11560 |    236 |   3394 |   6714 |   9 | 1310.7 |
        Temple |   1859 |   1859 |      0 |   1762 |      0 |   1 | 1859.0 |
         Abyss |     91 |     91 |      0 |      0 |     47 |   1 |   91.0 |
       Ossuary |    487 |    487 |      0 |    246 |     85 |   1 |  487.0 |
               +--------+--------+--------+--------+--------+-----+--------+

Top non-repeatable levels by time:
     D:7: 2373 daAuts
  Temple: 1859 daAuts
     D:4: 1704 daAuts
     D:5: 1512 daAuts
     D:3: 1446 daAuts
     D:2: 1393 daAuts
     D:8: 1336 daAuts
     D:1: 1035 daAuts
     D:6: 813 daAuts
 Ossuary: 487 daAuts
     D:9: 181 daAuts
 Abyss:1: 91 daAuts
